 Dungeon Crawl Stone Soup version 0.31-a0-182-gc5ef74bbde (webtiles) character file.

Game seed: 991045932668204104

41788 qw the Severer (level 14, -4/92 HPs)
             Began as a Gargoyle Fighter on June 21, 2023.
             Was a High Priest of Okawaru.
             Slain by a cane toad (7 damage)
             ... on level 5 of the Lair of Beasts.
             The game lasted 00:09:22 (15723 turns).

qw the Severer (Gargoyle Fighter)                  Turns: 15723, Time: 00:09:22

Health: -4/92      AC: 28    Str: 23    XL:     14   Next: 16%
Magic:  6/21       EV: 10    Int: 14    God:    Okawaru [*****.]
Gold:   696        SH:  6    Dex:  8    Spells: 13/13 levels left

rFire   . . .        k - +0 morningstar
rCold   . . .        c - +0 buckler
rNeg    + . .        r - +0 chain mail
rPois   inf          g - +0 helmet
rElec   +            (no cloak)
rCorr   .            o - +2 pair of gloves
SInv    .            (no boots)
Will    ++...        (no amulet) Stlth
                     v - ring of willpower
HPRegen 0.35/turn    (no ring)
MPRegen 0.17/turn

%: no passive effects
@: heroic, finesse-ful, flying
A: sickness immunity, AC +10, big wings, negative energy resistance 1,
electricity resistance, torment resistance 1, petrification resistance, clever
1, passive freeze
a: Renounce Religion, Heroism, Finesse, Duel


You were on level 5 of the Lair of Beasts.
You worshipped Okawaru.
Okawaru was extremely pleased with you.
You visited 2 branches of the dungeon, and saw 14 of its levels.

You collected 816 gold pieces.
You spent 120 gold pieces at shops.


Innate Abilities, Weirdness & Mutations

You are immune to sickness and miasma.
Your stone body is resilient. (AC +10)
You are immune to poison.
Your large and strong wings let you fly.
You resist negative energy. (rN+)
You are resistant to electric shocks. (rElec)
You are resistant to unholy torment.
You are immune to petrification.
Your mind is acute. (Int +4, Str/Dex -1)
A frigid envelope surrounds you and freezes all who hurt you.


   Skills:
 - Level 12.0(17.0) Fighting
 + Level 15.3(20.3) Axes
 - Level 4.3(9.3) Throwing
 - Level 9.0(14.0) Armour
 - Level 2.0(7.0) Dodging
 - Level 7.4(12.4) Shields
 - Level 10.0 Invocations


You had 13 spell levels left.
You didn't know any spells.
Your spell library was empty.

Inventory:

Hand Weapons
 k - a +0 morningstar (weapon)
 Y - a +2 war axe of draining
Missiles
 y - 6 boomerangs (quivered)
Armour
 b - a +0 ring mail of fire resistance
 c - a +0 buckler (worn)
 g - a +0 helmet (worn)
 o - a +2 pair of gloves (worn)
 p - a +0 ring mail of cold resistance
 q - +0 acid dragon scales
 r - a +0 chain mail (worn)
 s - the +0 crystal plate armour of the Alphagorgon {Harm}
   (Okawaru gifted it to you on level 2 of the Lair of Beasts)

   Harm:      It increases damage dealt and taken.
Jewellery
 e - an amulet of guardian spirit
 v - a ring of willpower (left hand)
Scrolls
 a - 15 scrolls of identify
Potions
 d - 3 potions of might
 f - a potion of enlightenment
 h - 3 potions of mutation
 i - 3 potions of haste
 j - 2 potions of resistance
 l - a potion of attraction
 m - 9 potions of curing
 n - a potion of cancellation

Dungeon Overview and Level Annotations

Branches:
Dungeon (9/15)             Temple (0/1) D:7            Lair (5/5) D:9
 Shoals (0/4) Lair:3       Spider (0/4) Lair:2        Slime (0/5) Lair:4
    Orc: D:9-12

Altars:
Ashenzari
Cheibriados
Dithmenos
Fedhas
Gozag
Nemelex Xobeh
Okawaru
Sif Muna
Trog
Uskayaw
Wu Jian
Yredelemnul
Zin

Shops:
D:4 ([(:   D:5 :   D:7 ?   D:8 *

Annotations:
D:3 exclusions: 3 orcs and 3 orc wizards
Lair:3 1 runed translucent door, qw's ghost, journeyman GrFi
Lair:5 Urug


Message History

You barely miss the polar bear.
The polar bear is heavily wounded.
You block the cane toad's attack.
You hit the polar bear.
The polar bear is severely wounded.
The polar bear barely misses you. The polar bear closely misses you.
The polar bear claws you but does no damage.
The eight-headed hydra bites you but does no damage.
The eight-headed hydra is very cold.
The eight-headed hydra seems to slow down.
The eight-headed hydra is lightly wounded.
The eight-headed hydra bites you but does no damage.
The eight-headed hydra is very cold.
The eight-headed hydra is lightly wounded.
The eight-headed hydra bites you.
The eight-headed hydra is very cold.
The eight-headed hydra seems to slow down.
The eight-headed hydra is moderately wounded.
The eight-headed hydra bites you but does no damage.
The eight-headed hydra is very cold.
The eight-headed hydra seems to slow down.
The eight-headed hydra is moderately wounded.
The eight-headed hydra barely misses you.
The eight-headed hydra bites you but does no damage.
The eight-headed hydra is very cold.
The eight-headed hydra is heavily wounded.
The eight-headed hydra bites you but does no damage.
The eight-headed hydra is very cold.
The eight-headed hydra is heavily wounded.
The eight-headed hydra barely misses you.
You sock the polar bear!
The polar bear is severely wounded.
You hit the polar bear.
The polar bear is almost dead.
The cane toad stings you.
The cane toad is very cold.
The cane toad is lightly wounded.
The polar bear goes berserk!
You hit the polar bear.
The polar bear is almost dead.
The cane toad stings you!
You die...

...... #..
.....P #..
#...... #..
....#.. #..
##.....#
#..###.....#..
.#.#...#........
.......F........
###...@h%......
#####D.......
###F..... ......
~..... ~....
.....


You could see an eight-headed hydra (slow), a polar bear (berserk), a cane toad
and a bullfrog.

Vanquished Creatures
  A fire dragon (Lair:3)
  3 hydras (Lair:5)
  2 two-headed ogres
  4 death yaks (Lair:3)
  A deep elf pyromancer (D:9)
  An ugly thing (D:9)
  2 manticores (D:9)
  9 black mambas
  Joseph (D:7)
  3 merfolk sirens (Lair:3)
  19 cane toads
  2 rime drakes
  3 komodo dragons
  A troll (D:9)
  2 kobold demonologists (D:9)
  2 polar bears
  A merfolk (Lair:3)
  A hornet (D:6)
  30 blink frogs
  Prince Ribbit (D:9)
  2 wyverns
  45 yaks
  3 basilisks
  An acid dragon (D:9)
  22 water moccasins
  5 black bears
  An ice beast (D:7)
  3 orc warriors (D:6)
  A sky beast (D:6)
  3 centaurs
  29 wolves
  A phantom (D:4)
  9 bullfrogs
  3 kobold brigands
  5 scorpions (Lair:2)
  10 wights (D:8)
  4 killer bees (D:9)
  13 jellies
  4 howler monkeys
  A gnoll bouda (D:5)
  4 hounds
  2 orc priests
  2 sleepcaps
  6 orc wizards
  3 iguanas
  A mummy (D:7)
  3 gnolls (D:5)
  8 adders
  A shadow imp (D:6)
  3 white imps
  An ufetubus (D:6)
  2 worms (D:4)
  A dart slug (D:3)
  31 orcs
  6 ball pythons
  3 bats
  8 endoplasms
  6 giant cockroaches
  7 goblins
  8 hobgoblins
  2 jackals (D:4)
  22 kobolds
  6 quokkas
  5 frilled lizards
  A hobgoblin zombie (D:7)
  A kobold zombie (D:7)
  2 orc zombies (D:7)
  3 rats
402 creatures vanquished.

Notes
Turn   | Place    | Note
-------+----------+-------------------------------------------
     0 | D:1      | qw the Gargoyle Fighter began the quest for the Orb.
     0 | D:1      | Reached XP level 1. HP: 14/14 MP: 1/1
     0 | D:1      | 0 ||| qw: Version: 0.3-a-9-g12657ce
     0 | D:1      | 0 ||| qw: Game counter: 1594
     0 | D:1      | 0 ||| qw: Always use a shield: true
     0 | D:1      | 0 ||| qw: God list: Okawaru
     0 | D:1      | 0 ||| qw: Allow faded altars: false
     0 | D:1      | 0 ||| qw: Do Orc after D:15 true
     0 | D:1      | 0 ||| qw: Do second Lair branch before Depths: true
     0 | D:1      | 0 ||| qw: Lair rune preference: random
     0 | D:1      | 0 ||| qw: Plans: Normal, Zot:1-4, Slime:5, God:TSO, Crypt,
                  | Tomb, Abyss, Pan, Hells, Win
     0 | D:1      | 0 ||| PLANNING D:1-11
   132 | D:1      | Reached skill level 2 in Axes
   294 | D:1      | Reached XP level 2. HP: 19/19 MP: 2/2
   986 | D:1      | 986 ||| UPGRADING to +0 helmet.
   991 | D:1      | 991 ||| READING scroll labelled NIOCOPN YNAIRR.
   992 | D:1      | 992 ||| READING scroll labelled KOETEUS NIDD.
   993 | D:1      | 993 ||| READING scroll labelled ELYFOT FEVYW.
  1024 | D:2      | 1024 ||| STAIRDANCE
  1065 | D:2      | Found an iron altar of Okawaru.
  1066 | D:2      | 1066 ||| PLANNING OKAWARU WORSHIP
  1066 | D:2      | 1066 ||| READING 2 scrolls of identify.
  1066 | D:2      | 1066 ||| IDENTIFYING metallic golden potion
  1084 | D:2      | Became a worshipper of Warmaster Okawaru
  1085 | D:2      | 1085 ||| PLANNING D:1-11
  1111 | D:2      | Reached skill level 3 in Axes
  1150 | D:2      | Reached XP level 3. HP: 23/23 MP: 3/3
  1154 | D:2      | 1154 ||| Stepping ~*~*~tactically~*~*~ (hiding).
  1156 | D:2      | 1156 ||| Stepping ~*~*~tactically~*~*~ (hiding).
  1157 | D:2      | 1157 ||| Stepping ~*~*~tactically~*~*~ (hiding).
  1158 | D:2      | 1158 ||| Stepping ~*~*~tactically~*~*~ (hiding).
  1161 | D:2      | 1161 ||| Stepping ~*~*~tactically~*~*~ (stealth).
  1582 | D:2      | 1582 ||| READING scroll labelled NEURIRPHUEXA.
  1586 | D:2      | 1586 ||| READING scroll labelled RATRAT XIFE.
  1587 | D:2      | 1587 ||| READING 3 scrolls of identify.
  1587 | D:2      | 1587 ||| IDENTIFYING glowing silvery potion
  1588 | D:2      | 1588 ||| READING 2 scrolls of identify.
  1588 | D:2      | 1588 ||| IDENTIFYING clear potion
  1599 | D:3      | Found a broken altar of Ashenzari.
  1616 | D:3      | 1616 ||| DRINKING potion of curing.
  1616 | D:3      | 1616 ||| (to cure confusion)
  1707 | D:3      | 1707 ||| DROPPING +0 whip.
  1754 | D:3      | Reached XP level 4. HP: 28/28 MP: 4/4
  1796 | D:3      | 1796 ||| Stepping ~*~*~tactically~*~*~ (stealth).
  1801 | D:3      | 1801 ||| Stepping ~*~*~tactically~*~*~ (hiding).
  1802 | D:3      | 1802 ||| Stepping ~*~*~tactically~*~*~ (hiding).
  1803 | D:3      | 1803 ||| Stepping ~*~*~tactically~*~*~ (stealth).
  1807 | D:3      | 1807 ||| Stepping ~*~*~tactically~*~*~ (hiding).
  1808 | D:3      | 1808 ||| Stepping ~*~*~tactically~*~*~ (hiding).
  1962 | D:3      | Reached skill level 4 in Axes
  1964 | D:3      | 1964 ||| FLEEEEING.
  1965 | D:3      | 1965 ||| FLEEEEING.
  1966 | D:3      | 1966 ||| FLEEEEING.
  1970 | D:3      | 1970 ||| FLEEEEING.
  1971 | D:3      | 1971 ||| FLEEEEING.
  1972 | D:3      | 1972 ||| FLEEEEING.
  1973 | D:3      | 1973 ||| FLEEEEING.
  1986 | D:3      | 1986 ||| FLEEEEING.
  1987 | D:3      | 1987 ||| FLEEEEING.
  1995 | D:3      | 1995 ||| FLEEEEING.
  1996 | D:3      | 1996 ||| FLEEEEING.
  1997 | D:3      | 1997 ||| FLEEEEING.
  2008 | D:3      | 2008 ||| FLEEEEING.
  2009 | D:3      | 2009 ||| FLEEEEING.
  2010 | D:3      | 2010 ||| FLEEEEING.
  2010 | D:3      | HP: 2/28 [something/magic dart (10)]
  2011 | D:3      | 2011 ||| FLEEEEING.
  2012 | D:3      | 2012 ||| FLEEEEING.
  2013 | D:3      | 2013 ||| FLEEEEING.
  2015 | D:3      | 2015 ||| FLEEEEING.
  2016 | D:3      | 2016 ||| FLEEEEING.
  2017 | D:3      | 2017 ||| FLEEEEING.
  2018 | D:3      | 2018 ||| FLEEEEING.
  2019 | D:3      | 2019 ||| FLEEEEING.
  2024 | D:3      | 2024 ||| FLEEEEING.
  2031 | D:3      | 2031 ||| FLEEEEING.
  2039 | D:3      | 2039 ||| DRINKING potion of curing.
  2039 | D:3      | 2039 ||| (to cure confusion)
  2040 | D:3      | 2040 ||| FLEEEEING.
  2042 | D:3      | 2042 ||| STAIRDANCE
  2168 | D:3      | Reached XP level 5. HP: 30/32 MP: 5/5
  2173 | D:3      | Reached * piety under Okawaru
  2191 | D:3      | 2191 ||| INVOKING Heroism.
  2192 | D:3      | 2192 ||| INVOKING Heroism.
  2258 | D:3      | 2258 ||| Stepping ~*~*~tactically~*~*~ (hiding).
  2267 | D:3      | Reached skill level 5 in Axes
  2293 | D:3      | HP: 8/32 [something/magic dart (8)]
  2299 | D:3      | HP: 8/32 [something (2)]
  2301 | D:3      | 2301 ||| FLEEEEING.
  2302 | D:3      | 2302 ||| FLEEEEING.
  2303 | D:3      | 2303 ||| FLEEEEING.
  2304 | D:3      | 2304 ||| FLEEEEING.
  2305 | D:3      | 2305 ||| FLEEEEING.
  2306 | D:3      | 2306 ||| FLEEEEING.
  2307 | D:3      | 2307 ||| STAIRDANCE
  2392 | D:2      | 2392 ||| READING scroll labelled UFEALIBEHO.
  2395 | D:3      | 2395 ||| STAIRDANCE
  2407 | D:3      | Reached skill level 1 in Throwing
  2414 | D:3      | 2414 ||| DROPPING +0 mace.
  2483 | D:3      | Found a glowing silver altar of Zin.
  2483 | D:3      | Noticed an angel
  2666 | D:4      | Reached XP level 6. HP: 38/38 MP: 6/6
  2679 | D:4      | Reached skill level 1 in Invocations
  2804 | D:4      | Found Wazer's Book Shoppe.
  2822 | D:4      | 2822 ||| Stepping ~*~*~tactically~*~*~ (stealth).
  2828 | D:4      | 2828 ||| Stepping ~*~*~tactically~*~*~ (stealth).
  2847 | D:4      | Found Eruewi's Weapon Shoppe.
  2855 | D:4      | Found Atioz's Antique Armour Emporium.
  2870 | D:4      | 2870 ||| SHOPLISTING glowing crystal plate armour (1826
                  | gold, have 90).
  2870 | D:4      | 2870 ||| SHOPLISTING pair of embroidered gloves (165 gold,
                  | have 90).
  2870 | D:4      | 2870 ||| SHOPLISTING scorched ring mail (198 gold, have
                  | 90).
  3017 | D:4      | Found Noburghy's Antique Armour Shoppe.
  3068 | D:4      | Found Xixteg's Weapon Emporium.
  3073 | D:4      | 3073 ||| SHOPLISTING +5 morningstar of protection (413
                  | gold, have 102).
  3157 | D:4      | Found a snail-covered altar of Cheibriados.
  3158 | D:4      | 3158 ||| UPGRADING to +0 ring mail of cold resistance.
  3168 | D:4      | 3168 ||| DROPPING +0 scale mail.
  3169 | D:4      | 3169 ||| DROPPING scarf of harm.
  3170 | D:4      | 3170 ||| UPGRADING to +0 chain mail.
  3180 | D:4      | 3180 ||| READING scroll labelled ZOR TOOLIODD.
  3181 | D:4      | 3181 ||| READING scroll labelled RECICH WUGGAZE.
  3211 | D:4      | 3211 ||| READING scroll labelled KOEKHI WAAS.
  3212 | D:4      | 3212 ||| READING scroll labelled APE EBOGEKOMP.
  3213 | D:4      | 3213 ||| DRINKING 2 sedimented dark potions.
  3213 | D:4      | Gained mutation: A frigid envelope surrounds you and
                  | freezes all who hurt you. [potion of mutation]
  3213 | D:4      | Gained mutation: Your mind is acute. (Int +4, Str/Dex -1)
                  | [potion of mutation]
  3214 | D:4      | 3214 ||| READING 2 scrolls of identify.
  3214 | D:4      | 3214 ||| IDENTIFYING yellow potion
  3327 | D:4      | Found a hide-covered altar of Uskayaw.
  3526 | D:5      | Entered Level 5 of the Dungeon
  3574 | D:5      | 3574 ||| INVOKING Heroism.
  3581 | D:5      | Reached skill level 3 in Invocations
  3581 | D:5      | Reached XP level 7. HP: 43/43 MP: 5/9
  3825 | D:5      | 3825 ||| INVOKING Heroism.
  3875 | D:5      | Found Luhech Yfudgh's Book Shop.
  4044 | D:5      | Found a sparkling altar of Nemelex Xobeh.
  4263 | D:5      | Found an ornate altar of the Wu Jian Council.
  4611 | D:5      | 4611 ||| READING scroll labelled BOTERE SAEKAP.
  4612 | D:5      | 4612 ||| DRINKING 2 green potions.
  4613 | D:5      | 4613 ||| DRINKING 2 pink potions.
  4702 | D:6      | 4702 ||| INVOKING Heroism.
  4707 | D:6      | Reached skill level 6 in Axes
  4867 | D:6      | 4867 ||| Stepping ~*~*~tactically~*~*~ (hiding).
  4872 | D:6      | 4872 ||| INVOKING Heroism.
  4976 | D:6      | 4976 ||| INVOKING Heroism.
  4986 | D:6      | Reached XP level 8. HP: 26/48 MP: 9/11
  4989 | D:6      | Reached skill level 7 in Axes
  4992 | D:6      | Reached ** piety under Okawaru
  5031 | D:6      | 5031 ||| FLEEEEING.
  5122 | D:6      | Found a blossoming altar of Fedhas.
  5186 | D:6      | Reached skill level 1 in Dodging
  5238 | D:6      | Found a shimmering blue altar of Sif Muna.
  5422 | D:6      | Noticed a hornet
  5423 | D:6      | 5423 ||| INVOKING Heroism.
  5426 | D:6      | Killed a hornet
  5427 | D:6      | Reached skill level 8 in Axes
  5448 | D:6      | Reached skill level 6 in Fighting
  5448 | D:6      | Reached XP level 9. HP: 20/56 MP: 12/12
  5449 | D:6      | 5449 ||| INVOKING Heroism.
  5784 | D:6      | 5784 ||| READING 2 scrolls labelled FIL GUMU MUTHA.
  5785 | D:6      | 5785 ||| READING scroll of enchant weapon.
  5785 | D:6      | 5785 ||| ENCHANTING +1 war axe of protection.
  5835 | D:7      | 5835 ||| Stepping ~*~*~tactically~*~*~ (hiding).
  5836 | D:7      | 5836 ||| Stepping ~*~*~tactically~*~*~ (hiding).
  5992 | D:7      | Found an opulent altar of Gozag.
  6001 | D:7      | Found a staircase to the Ecumenical Temple.
  6018 | D:7      | 6018 ||| Stepping ~*~*~tactically~*~*~ (stealth).
  6020 | D:7      | 6020 ||| Stepping ~*~*~tactically~*~*~ (stealth).
  6184 | D:7      | 6184 ||| INVOKING Heroism.
  6218 | D:7      | Reached skill level 9 in Axes
  6365 | D:7      | Found a basalt altar of Yredelemnul.
  6403 | D:7      | Noticed Joseph
  6410 | D:7      | 6410 ||| INVOKING Heroism.
  6415 | D:7      | HP: 9/56 [Joseph/+0 quarterstaff (7)]
  6415 | D:7      | Killed Joseph
  6685 | D:7      | Found Jeoboure's Magic Scroll Boutique.
  6691 | D:7      | 6691 ||| BUYING 2 scrolls of identify (48 gold).
  6691 | D:7      | Bought 2 scrolls of identify for 48 gold pieces
  6691 | D:7      | 6691 ||| SHOPLISTING scroll of acquirement (624 gold, have
                  | 268).
  6691 | D:7      | 6691 ||| BUYING scroll of identify (24 gold).
  6691 | D:7      | Bought a scroll of identify for 24 gold pieces
  6691 | D:7      | 6691 ||| BUYING scroll of identify (24 gold).
  6691 | D:7      | Bought a scroll of identify for 24 gold pieces
  6691 | D:7      | 6691 ||| BUYING scroll of identify (24 gold).
  6691 | D:7      | Bought a scroll of identify for 24 gold pieces
  6756 | D:7      | Found a shadowy altar of Dithmenos.
  6854 | D:7      | 6854 ||| INVOKING Heroism.
  6904 | D:7      | 6904 ||| READING 9 scrolls of identify.
  6904 | D:7      | 6904 ||| IDENTIFYING glowing ruby potion
  6905 | D:7      | 6905 ||| READING 8 scrolls of identify.
  6905 | D:7      | 6905 ||| IDENTIFYING fuming grey potion
  6906 | D:7      | 6906 ||| DROPPING potion of brilliance.
  7017 | D:8      | 7017 ||| INVOKING Heroism.
  7152 | D:8      | 7152 ||| Stepping ~*~*~tactically~*~*~ (hiding).
  7162 | D:8      | 7162 ||| Stepping ~*~*~tactically~*~*~ (hiding).
  7194 | D:8      | 7194 ||| Stepping ~*~*~tactically~*~*~ (stealth).
  7274 | D:8      | Reached skill level 10 in Axes
  7321 | D:8      | 7321 ||| Stepping ~*~*~tactically~*~*~ (stealth).
  7323 | D:8      | Noticed a two-headed ogre
  7324 | D:8      | 7324 ||| INVOKING Heroism.
  7332 | D:8      | Killed a two-headed ogre
  7333 | D:8      | Reached skill level 6 in Armour
  7333 | D:8      | Reached XP level 10. HP: 63/63 MP: 11/13
  7335 | D:8      | Reached *** piety under Okawaru
  7564 | D:8      | Found a flagged portal.
  7574 | D:8      | 7574 ||| Stepping ~*~*~tactically~*~*~ (stealth).
  7587 | D:8      | Found Oheir's Overcharged Wands.
  7598 | D:8      | 7598 ||| SHOPLISTING wand of digging (11) (693 gold, have
                  | 269).
  7736 | D:8      | 7736 ||| READING scroll labelled ACEN WI YQI.
  7737 | D:8      | 7737 ||| READING scroll labelled MAWIENE MEEPPE.
  7788 | D:9      | Noticed a kobold demonologist
  7795 | D:9      | Noticed a kobold demonologist
  7800 | D:9      | Noticed a rust devil
  7812 | D:9      | Killed a kobold demonologist
  7812 | D:9      | Reached **** piety under Okawaru
  7815 | D:9      | Noticed a soul eater
  7819 | D:9      | 7819 ||| INVOKING Heroism.
  7822 | D:9      | HP: 6/64 [soul eater[a kobold demonologist] (13)]
  7823 | D:9      | 7823 ||| READING scroll of teleportation.
  7824 | D:9      | 7824 ||| DRINKING potion of heal wounds.
  7827 | D:9      | Noticed a manticore
  7833 | D:9      | HP: 16/64 [manticore (6)]
  7835 | D:9      | Killed a manticore
  8026 | D:9      | Noticed a deep elf pyromancer
  8026 | D:9      | Noticed a manticore
  8027 | D:9      | 8027 ||| INVOKING Heroism.
  8031 | D:9      | Killed a manticore
  8032 | D:9      | Reached skill level 11 in Axes
  8037 | D:9      | Killed a deep elf pyromancer
  8163 | D:9      | Noticed a green ugly thing
  8165 | D:9      | 8165 ||| INVOKING Heroism.
  8171 | D:9      | Killed a green ugly thing
  8172 | D:9      | Reached skill level 6 in Invocations
  8172 | D:9      | Reached XP level 11. HP: 69/69 MP: 12/15
  8175 | D:9      | Reached skill level 9 in Fighting
  8311 | D:9      | 8311 ||| Stepping ~*~*~tactically~*~*~ (hiding).
  8333 | D:9      | 8333 ||| Stepping ~*~*~tactically~*~*~ (stealth).
  8365 | D:9      | Noticed Prince Ribbit
  8373 | D:9      | Killed Prince Ribbit
  8405 | D:9      | 8405 ||| Stepping ~*~*~tactically~*~*~ (stealth).
  8406 | D:9      | 8406 ||| Stepping ~*~*~tactically~*~*~ (stealth).
  8408 | D:9      | 8408 ||| Stepping ~*~*~tactically~*~*~ (stealth).
  8425 | D:9      | 8425 ||| Stepping ~*~*~tactically~*~*~ (stealth).
  8450 | D:9      | 8450 ||| Stepping ~*~*~tactically~*~*~ (stealth).
  8463 | D:9      | Noticed a soul eater
  8480 | D:9      | Found a staircase to the Lair.
  8509 | D:9      | Reached ***** piety under Okawaru
  8837 | D:9      | Noticed a two-headed ogre
  8838 | D:9      | 8838 ||| INVOKING Heroism.
  8843 | D:9      | Killed a two-headed ogre
  8843 | D:9      | Received a gift from Okawaru
  8882 | D:9      | 8882 ||| Stepping ~*~*~tactically~*~*~ (stealth).
  8952 | D:9      | 8952 ||| PLANNING LAIR
  8952 | D:9      | 8952 ||| UPGRADING to +0 pair of gloves.
  8985 | Lair:1   | Entered Level 1 of the Lair of Beasts
  8996 | Lair:1   | 8996 ||| STAIRDANCE
  9046 | Lair:1   | 9046 ||| STAIRDANCE
  9049 | D:9      | 9049 ||| INVOKING Heroism.
  9138 | Lair:1   | 9138 ||| Stepping ~*~*~tactically~*~*~ (stealth).
  9140 | Lair:1   | 9140 ||| Stepping ~*~*~tactically~*~*~ (hiding).
  9141 | Lair:1   | 9141 ||| Stepping ~*~*~tactically~*~*~ (hiding).
  9159 | Lair:1   | 9159 ||| Stepping ~*~*~tactically~*~*~ (hiding).
  9164 | Lair:1   | 9164 ||| INVOKING Heroism.
  9221 | Lair:1   | 9221 ||| INVOKING Heroism.
  9338 | Lair:1   | 9338 ||| INVOKING Heroism.
  9383 | Lair:1   | Reached skill level 9 in Invocations
  9396 | Lair:1   | Reached skill level 12 in Axes
  9450 | Lair:1   | 9450 ||| INVOKING Heroism.
  9605 | Lair:1   | 9605 ||| INVOKING Heroism.
  9610 | Lair:1   | Identified the +1 longbow "Xinacroe" {freeze, rC- Will+++
                  | Dex+6} (Okawaru gifted it to you on level 1 of the Lair of
                  | Beasts)
  9610 | Lair:1   | Received a gift from Okawaru
  9611 | Lair:1   | Reached skill level 6 in Shields
  9611 | Lair:1   | Reached XP level 12. HP: 67/76 MP: 16/19
  9789 | Lair:1   | Reached skill level 3 in Throwing
 10232 | Lair:1   | 10232 ||| READING scroll of brand weapon.
 10232 | Lair:1   | 10232 ||| BRANDING +2 war axe of protection.
 10283 | Lair:1   | 10283 ||| DROPPING ring of wizardry.
 10299 | Lair:2   | 10299 ||| INVOKING Heroism.
 10300 | Lair:2   | 10300 ||| Stepping ~*~*~tactically~*~*~ (stealth).
 10399 | Lair:2   | 10399 ||| READING scroll of enchant armour.
 10399 | Lair:2   | 10399 ||| ENCHANTING +0 pair of gloves.
 10487 | Lair:2   | Found a bloodstained altar of Trog.
 10669 | Lair:2   | 10669 ||| Stepping ~*~*~tactically~*~*~ (stealth).
 10689 | Lair:2   | Identified the +0 crystal plate armour of the Alphagorgon
                  | {Harm} (Okawaru gifted it to you on level 2 of the Lair of
                  | Beasts)
 10689 | Lair:2   | Received a gift from Okawaru
 10741 | Lair:2   | Found a hole to the Spider Nest.
 10809 | Lair:2   | 10809 ||| Stepping ~*~*~tactically~*~*~ (stealth).
 10811 | Lair:2   | 10811 ||| INVOKING Heroism.
 11171 | Lair:3   | 11171 ||| PLANNING GAUNTLET
 11171 | Lair:3   | 11171 ||| INVOKING Heroism.
 11265 | Lair:3   | 11265 ||| INVOKING Heroism.
 11427 | Lair:3   | Found a staircase to the Shoals.
 11438 | Lair:3   | 11438 ||| INVOKING Heroism.
 11447 | Lair:3   | Reached skill level 13 in Axes
 11554 | Lair:3   | 11554 ||| INVOKING Heroism.
 11665 | Lair:3   | 11665 ||| INVOKING Heroism.
 11685 | Lair:3   | 11685 ||| INVOKING Heroism.
 11701 | Lair:3   | 11701 ||| RIP GAUNTLET
 11702 | Lair:3   | 11702 ||| PLANNING LAIR
 11795 | Lair:3   | Noticed a death yak
 11795 | Lair:3   | Noticed a death yak
 11796 | Lair:3   | 11796 ||| INVOKING Heroism.
 11800 | Lair:3   | Noticed a death yak
 11801 | Lair:3   | Noticed a death yak
 11806 | Lair:3   | Killed a death yak
 11807 | Lair:3   | Reached XP level 13. HP: 72/82 MP: 18/20
 11820 | Lair:3   | 11820 ||| INVOKING Heroism.
 11823 | Lair:3   | Reached skill level 14 in Axes
 12080 | Lair:3   | Noticed qw's ghost (journeyman GrFi)
 12148 | Lair:3   | Noticed a fire dragon
 12149 | Lair:3   | 12149 ||| INVOKING Heroism.
 12159 | Lair:3   | Killed a fire dragon
 12266 | Lair:3   | Found a runed translucent door.
 13806 | Lair:4   | 13806 ||| Stepping ~*~*~tactically~*~*~ (stealth).
 13993 | Lair:4   | 13993 ||| Stepping ~*~*~tactically~*~*~ (stealth).
 14028 | Lair:4   | Found a staircase to the Slime Pits.
 14091 | Lair:4   | 14091 ||| READING scroll of enchant armour.
 14091 | Lair:4   | 14091 ||| ENCHANTING +1 pair of gloves.
 14099 | Lair:4   | Received a gift from Okawaru
 14314 | Lair:4   | 14314 ||| FLEEEEING.
 14315 | Lair:4   | 14315 ||| FLEEEEING.
 14316 | Lair:4   | 14316 ||| FLEEEEING.
 14317 | Lair:4   | 14317 ||| FLEEEEING.
 14318 | Lair:4   | 14318 ||| FLEEEEING.
 14319 | Lair:4   | 14319 ||| FLEEEEING.
 14320 | Lair:4   | 14320 ||| FLEEEEING.
 14321 | Lair:4   | 14321 ||| FLEEEEING.
 14326 | Lair:4   | 14326 ||| FLEEEEING.
 14327 | Lair:4   | 14327 ||| FLEEEEING.
 14328 | Lair:4   | 14328 ||| FLEEEEING.
 14329 | Lair:4   | 14329 ||| FLEEEEING.
 14330 | Lair:4   | 14330 ||| FLEEEEING.
 14331 | Lair:4   | 14331 ||| FLEEEEING.
 14332 | Lair:4   | 14332 ||| FLEEEEING.
 14333 | Lair:4   | 14333 ||| FLEEEEING.
 14334 | Lair:4   | 14334 ||| FLEEEEING.
 14461 | Lair:4   | 14461 ||| Stepping ~*~*~tactically~*~*~ (stealth).
 14484 | Lair:4   | 14484 ||| Stepping ~*~*~tactically~*~*~ (hiding).
 14709 | Lair:4   | 14709 ||| INVOKING Heroism.
 14726 | Lair:4   | 14726 ||| Stepping ~*~*~tactically~*~*~ (stealth).
 14750 | Lair:4   | 14750 ||| INVOKING Heroism.
 15345 | Lair:4   | 15345 ||| UPGRADING to ring of willpower.
 15346 | Lair:4   | 15346 ||| DRINKING 2 murky golden potions.
 15347 | Lair:4   | 15347 ||| READING 15 scrolls of identify.
 15347 | Lair:4   | 15347 ||| IDENTIFYING murky white potion
 15348 | Lair:4   | 15348 ||| DROPPING potion of ambrosia.
 15349 | Lair:4   | 15349 ||| DROPPING potion of degeneration.
 15379 | Lair:5   | Entered Level 5 of the Lair of Beasts
 15380 | Lair:5   | 15380 ||| INVOKING Heroism.
 15391 | Lair:5   | Reached skill level 15 in Axes
 15416 | Lair:5   | 15416 ||| Stepping ~*~*~tactically~*~*~ (stealth).
 15421 | Lair:5   | 15421 ||| FLEEEEING.
 15422 | Lair:5   | 15422 ||| FLEEEEING.
 15423 | Lair:5   | 15423 ||| FLEEEEING.
 15424 | Lair:5   | 15424 ||| STAIRDANCE
 15464 | Lair:5   | 15464 ||| STAIRDANCE
 15513 | Lair:5   | 15513 ||| INVOKING Heroism.
 15520 | Lair:5   | Reached skill level 9 in Armour
 15622 | Lair:5   | 15622 ||| INVOKING Heroism.
 15636 | Lair:5   | Received a gift from Okawaru
 15646 | Lair:5   | 15646 ||| Stepping ~*~*~tactically~*~*~ (stealth).
 15648 | Lair:5   | Gained mutation: Your large and strong wings let you fly.
                  | [Gargoyle growth]
 15648 | Lair:5   | Reached XP level 14. HP: 76/90 MP: 21/21
 15651 | Lair:5   | Noticed Urug
 15652 | Lair:5   | 15652 ||| INVOKING Finesse.
 15659 | Lair:5   | 15659 ||| SWAPPING to +0 morningstar.
 15669 | Lair:5   | Reached skill level 12 in Fighting
 15669 | Lair:5   | 15669 ||| SWAPPING to +2 war axe of draining.
 15671 | Lair:5   | 15671 ||| SWAPPING to +0 morningstar.
 15671 | Lair:5   | HP: 20/92 [Urug/+7 antimagic demon trident (4)]
 15672 | Lair:5   | 15672 ||| READING scroll of teleportation.
 15676 | Lair:5   | 15676 ||| SWAPPING to +2 war axe of draining.
 15676 | Lair:5   | HP: 9/92 [skyshark (4)]
 15698 | Lair:5   | 15698 ||| Stepping ~*~*~tactically~*~*~ (stealth).
 15703 | Lair:5   | HP: 9/92 [cane toad (4)]
 15708 | Lair:5   | 15708 ||| SWAPPING to +0 morningstar.
 15720 | Lair:5   | HP: 5/92 [eight-headed hydra (6)]
 15722 | Lair:5   | HP: 2/92 [cane toad (3)]
 15723 | Lair:5   | Slain by a cane toad

Levels and vault maps discovered:
D:1:      saegor_arrival_fortress, layout_loops_corners
D:2:      layout_rooms, basic_altar, kennysheep_generic_room_8
D:3:      layout_loops_ring, mainiacjoe_overflow_concentric_impassable,
          zin_angel, minmay_ruptured
D:4:      layout_cave_pools, nicolae_uskayaw_suspiria, cheibrodos_worm_habitat,
          serial_shops, nicolae_shop_statue_plus, shop, shop, shop,
          nicolae_lakefront_shop
D:5:      layout_basic, nicolae_overflow_crystal_walls,
          mainiacjoe_overflow_24_doors, serial_shops,
          nicolae_inconvenience_store
D:6:      layout_loops_ring, general_overflow_altar,
          mainiacjoe_overflow_surrounded_room, minmay_misc_feat_rows,
          minmay_quadrilaterals
D:7:      layout_basic, mainiacjoe_overflow_small_starburst,
          mainiacjoe_overflow_chevrons,
          nicolae_dithmenos_through_a_glass_darkly,
          minmay_temple_entry_mini_moons, serial_shops, shop,
          minmay_mini_ossuary, uniq_joseph
D:8:      layout_loops_cross, enter_bailey_2, nicolae_shop_overcharged_wands
D:9:      cheibrodos_elevator_heist, layout_loops_cross, david_lair_generic,
          uniq_prince_ribbit1
Lair:1:   layout_chaotic_city
Lair:2:   layout_roguey, nicolae_spider_entry_non_spiders, basic_altar,
          minivault_19
Lair:3:   dragon1_lemuel, layout_cave_shapes, elwin_shoals_entry_stream,
          hellmonk_ghost_happy_afterlife, gauntlet_entry_generic,
          grunt_megastairs_5
Lair:4:   beast_lair_carwin_large_3, layout_hall_layers,
          minmay_slime_entry_jelly_boxes
Lair:5:   minmay_lair_end_frog_pond, layout_regular_city,
          cheibrodos_lair_lostbears, uniq_urug

Skill      XL: |  1  2  3  4  5  6  7  8  9 10 11 12 13 14 |
---------------+-------------------------------------------+-----
Axes           | 2 3 4 5 6 8 10 11 12 13 15 | 15.3
Throwing       | 1 2 3 4 |  4.3
Fighting       | 4 6 7 8 9 10 11 12 | 12.0
Invocations    | 3 4 6 9 10 | 10.0
Dodging        | 1 2 |  2.0
Armour         | 6 8 9 |  9.0
Shields        | 5 6 7 |  7.4

Action                     |  1- 3 |  4- 6 |  7- 9 | 10-12 | 13-15 || total
---------------------------+-------+-------+-------+-------+-------++-------
  Melee: War axe           |    91 |   139 |   156 |   408 |   304 ||  1098
         Morningstar       |       |       |       |       |    27 ||    27
  Throw: Boomerang         |       |    57 |    67 |    37 |    15 ||   176
         Javelin           |       |       |       |    22 |    23 ||    45
 Invoke: Heroism           |       |     2 |    11 |    19 |     7 ||    39
         Finesse           |       |       |       |       |     1 ||     1
    Use: Scroll            |     8 |     6 |     5 |     5 |     3 ||    27
         Potion            |     1 |     2 |     2 |     1 |     1 ||     7
 Armour: Scale mail        |    39 |    90 |       |       |       ||   129
         Chain mail        |       |    11 |    82 |   184 |   148 ||   425
  Dodge: Dodged            |    41 |    55 |    44 |   109 |   107 ||   356
  Block: Buckler           |    16 |    24 |    21 |    79 |    70 ||   210

Table legend:
 A = Non-vault XP
 B = Vault XP
 C = Vault XP percentage of total XP
 D = Non-vault monster count
 E = Vault monster count
 F = Vault count percentage of total count
                 A         B        C        D         E       F
            +---------+---------+-------+---------+---------+-------
      Total |   44963 |   14735 |  24.7 |     321 |      81 |  20.1
            +---------+---------+-------+---------+---------+-------
        D:1 |      22 |       0 |   0.0 |      12 |       0 |   0.0
        D:2 |      24 |       3 |  11.1 |      15 |       2 |  11.8
        D:3 |     229 |       8 |   3.4 |      30 |       4 |  11.8
        D:4 |     222 |       5 |   2.2 |      20 |       1 |   4.8
        D:5 |     406 |       0 |   0.0 |      18 |       0 |   0.0
        D:6 |    1076 |     600 |  35.8 |      22 |       7 |  24.1
        D:7 |     634 |     508 |  44.5 |       9 |       6 |  40.0
        D:8 |    2071 |       0 |   0.0 |      27 |       0 |   0.0
        D:9 |    3452 |    3637 |  51.3 |      24 |      11 |  31.4
     Lair:1 |    8594 |       0 |   0.0 |      36 |       0 |   0.0
     Lair:2 |    4168 |     421 |   9.2 |      20 |       8 |  28.6
     Lair:3 |    8685 |    3712 |  29.9 |      25 |      11 |  30.6
     Lair:4 |    6968 |    3325 |  32.3 |      35 |      23 |  39.7
     Lair:5 |    8412 |    2516 |  23.0 |      28 |       8 |  22.2
            +---------+---------+-------+---------+---------+-------
